 Dungeon Crawl Stone Soup version 0.27-a0-637-g3a9f0a9c12 (webtiles) character file.

Game seed: 3222156727819859842

54583 HoaS the Martial Artist (level 14, -3/122 HPs)
             Began as a Demigod Gladiator on Mar 14, 2021.
             Slain by a black mamba (12 damage)
             ... on level 6 of the Lair of Beasts.
             The game lasted 00:49:15 (26309 turns).

HoaS the Martial Artist (Demigod Gladiator)        Turns: 26309, Time: 00:49:16

Health: -3/122     AC: 23    Str: 26    XL:     14   Next: 2%
Magic:  17/17      EV: 20    Int: 10    God:
Gold:   939        SH:  5    Dex: 23    Spells: 13/13 levels left

rFire    . . .     SeeInvis .     - Unarmed
rCold    . . .     Faith    .   (no shield)
rNeg     . . .     Spirit   .   z - +4 chain mail "Oleicsuu" {Str+3 Stlth+}
rPois    .         Reflect  +   b - +1 helmet
rElec    .         Harm     .   (no cloak)
rCorr    .         Rampage  .   r - +1 pair of gloves
Will     +....                  m - +1 pair of boots
Stlth    ..........             E - amulet of reflection
HPRegen  0.30/turn              K - +4 ring of evasion
MPRegen  0.15/turn              i - +4 ring of slaying

@: no status effects
A: high mp 1, forlorn
a: no special abilities


You were on level 6 of the Lair of Beasts.
You visited 3 branches of the dungeon, and saw 18 of its levels.
You also visited: Sewer and Gauntlet.

You collected 2799 gold pieces.
You spent 1860 gold pieces at shops.

Inventory:

Missiles
 a - 2 atropa-tipped darts
 c - 10 curare-tipped darts
 g - 86 poisoned darts
 h - 23 boomerangs
 C - 2 silver boomerangs
Armour
 b - a +1 helmet (worn)
 m - a +1 pair of boots (worn)
 r - a +1 pair of gloves (worn)
 z - the +4 chain mail "Oleicsuu" (worn) {Str+3 Stlth+}
   (You found it on level 10 of the Dungeon)

   It affects your strength (+3).
   It makes you more stealthy.
Jewellery
 f - a ring of positive energy
 i - a +4 ring of slaying (left hand)
 j - a ring of poison resistance
 n - a ring of willpower
 y - a ring of willpower
 D - a ring of protection from fire
 E - an amulet of reflection (around neck)
 K - a +4 ring of evasion (right hand)
 L - a ring of protection from fire
Wands
 A - a wand of random effects (48)
 B - a wand of flame (25)
 F - a wand of mindburst (6) (quivered)
 H - a wand of polymorph (7)
 J - a wand of digging (3)
 N - a wand of acid (7)
Scrolls
 e - 12 scrolls of teleportation
 s - 4 scrolls of magic mapping
 v - 7 scrolls of identify
 x - 5 scrolls of fear
 G - 2 scrolls of fog
 I - 3 scrolls of blinking
Potions
 d - 7 potions of flight
 k - 3 potions of ambrosia
 l - 2 potions of mutation
 o - 13 potions of curing
 p - a potion of attraction
 q - 2 potions of might
 t - 2 potions of invisibility
 u - 4 potions of haste
 w - a potion of resistance


   Skills:
 + Level 10.6 Fighting
 - Level 1.7 Throwing
 + Level 10.6 Armour
 + Level 10.6 Dodging
 * Level 14.8 Unarmed Combat


You had 13 spell levels left.
You didn't know any spells.
Your spell library contained the following spells:

 Spells                   Type           Power      Damage    Failure   Level
 Animate Skeleton         Necr           0%         N/A       87%         1
 Apportation              Tloc           0%         N/A       87%         1
 Beastly Appendage        Tmut           0%         N/A       87%         1
 Corona                   Hex            0%         N/A       87%         1
 Sting                    Tmut/Pois      0%         1d3       87%         1
 Summon Small Mammal      Summ           0%         N/A       87%         1
 Poisonous Vapours        Pois/Air       0%         N/A       95%         2
 Wereblood                Tmut           0%         N/A       95%         2
 Confusing Touch          Hex            0%         N/A       99%         3
 Gell's Gravitas          Tloc           0%         N/A       99%         3
 Ignite Poison            Fire/Tmut/Pois 0%         N/A       99%         3
 Mephitic Cloud           Conj/Pois/Air  0%         N/A       99%         3
 Spider Form              Tmut/Pois      0%         N/A       99%         3
 Cause Fear               Hex            0%         N/A       100%        4
 Ice Form                 Ice/Tmut       0%         N/A       100%        4
 Olgreb's Toxic Radiance  Pois           0%         N/A       100%        4
 Petrify                  Tmut/Erth      0%         N/A       100%        4
 Blade Hands              Tmut           0%         N/A       100%        5
 Fireball                 Conj/Fire      0%         3d3       100%        5
 Metabolic Englaciation   Hex/Ice        0%         N/A       100%        5
 Silence                  Hex/Air        0%         N/A       100%        5
 Yara's Violent Unravell  Hex/Tmut       0%         3d3       100%        5
 Starburst                Conj/Fire      0%         8x6d3     100%        6
 Discord                  Hex            0%         N/A       100%        8
 Ignition                 Fire           0%         3d3       100%        8


Dungeon Overview and Level Annotations

Branches:
Dungeon (11/15)            Temple (0/1) D:6            Lair (6/6) D:11
  Swamp (0/4) Lair:2       Spider (0/4) Lair:3        Slime (0/5) Lair:5
    Orc (1/2) D:11          Sewer (visited)         Gauntlet (visited)

Shops:
D:7 (   D:8 ===[?

Annotations:
D:5 exclusion: 2 doors
D:9 exclusion: 4 orange crystal statues
D:11 exclusions: oklob plant and oklob sapling
Lair:5 1 runed translucent door
Lair:6 1 runed translucent door
Orc:1 Sonja


Innate Abilities, Weirdness & Mutations

Your attributes grow dramatically as you level up.
You have an increased reservoir of magic. (+10% MP)
You shall have no god before yourself.


Message History

The seven-headed hydra is moderately wounded.
The black mamba bites you!
You block the seven-headed hydra's attack.
The seven-headed hydra closely misses you.
The seven-headed hydra bites you!
* * * LOW HITPOINT WARNING * * *
The seven-headed hydra barely misses you.
The seven-headed hydra bites you but does no damage. x2
The seven-headed hydra bites you.
* * * LOW HITPOINT WARNING * * *
You pummel the seven-headed hydra!! You punch the seven-headed hydra!!
The seven-headed hydra is severely wounded.
The black mamba bites you but does no damage.
The black mamba closely misses you.
You hit the seven-headed hydra.
The seven-headed hydra is almost dead.
The seven-headed hydra barely misses you.
The seven-headed hydra bites you!
* * * LOW HITPOINT WARNING * * *
The seven-headed hydra bites you.
* * * LOW HITPOINT WARNING * * *
The seven-headed hydra completely misses you.
The seven-headed hydra misses you. The seven-headed hydra bites you.
* * * LOW HITPOINT WARNING * * *
You block the seven-headed hydra's attack.
The black mamba closely misses you.
You barely miss the seven-headed hydra.
The seven-headed hydra is almost dead.
The black mamba barely misses you.
You block the seven-headed hydra's attack.
The seven-headed hydra bites you.
* * * LOW HITPOINT WARNING * * *
The seven-headed hydra closely misses you.
The seven-headed hydra misses you.
The seven-headed hydra closely misses you.
The seven-headed hydra bites you but does no damage. x2
You pummel the seven-headed hydra!!
You kill the seven-headed hydra!
The black mamba bites you!
You die...

##### #####.P.## ## ##.#P.....P
##. #.#........ ##.. ##....#####.
#### #####... #.........#.
##..#####.##..#. #P....#...#.
...#....†####..†########...#....†
..........##..#S@##.......###.###
..+#####..##......#...#....P###..
..#...≈#..##......#...#......#...
..#...≈#...##.....###.#.....###..
..#...≈#...###...........#.## ##.
..#...≈#....###..P.......### ##
..#≈≈≈≈#....|.#####...####
..#####'.......# ######## #####
...............###..##..####...##


You could see a black mamba.

Vanquished Creatures
  Gastronok (D:8)
  Kirke (Lair:5)
  A dire elephant (Lair:6)
  11 hydras
  A two-headed ogre (D:10)
  A catoblepas (Lair:6)
  3 lindwurms (Lair:6)
  Pikel (D:7)
  2 orc sorcerers
  A wolf spider (Lair:3)
  A cyclops (D:11)
  3 manticores
  4 elephants (Lair:3)
  6 black mambas
  Joseph (D:10)
  9 cane toads
  Maggie (D:7)
  A centaur skeleton (D:10)
  A gargoyle (D:11)
  8 komodo dragons
  6 torpor snails (Lair:6)
  2 rime drakes (Lair:6)
  Psyche (D:10)
  2 trolls
  3 tyrant leeches (Lair:6)
  2 jumping spiders (Lair:3)
  Grinder (D:3)
  Prince Ribbit (D:8)
  8 hornets
  16 blink frogs
  A redback (Lair:3)
  3 shadows
  A water elemental (D:11)
  The ghost of Anon1729 the Sneak, an amateur KoAE (D:4)
  4 basilisks
  2 wyverns
  3 hogs (Lair:5)
  60 yaks
  2 humans (Lair:5)
  10 vampire mosquitoes
  20 water moccasins
  An ice beast (D:6)
  2 black bears
  5 orc warriors
  A sky beast (D:11)
  9 wolves
  9 centaurs
  3 ogres
  A phantom (D:4)
  2 kobold brigands
  13 bullfrogs
  A water moccasin zombie (D:10)
  4 scorpions
  5 killer bees (D:8)
  6 wights
  4 electric eels (D:11)
  2 centaur zombies (D:6)
  5 howler monkeys
  12 hounds
  2 jellies
  A bullfrog zombie (D:8)
  A bullfrog skeleton (D:4)
  6 orc priests
  3 iguanas
  Natasha (thrice) (D:2)
  4 orc wizards
  A hell rat (Lair:5)
  A worker ant (D:4)
  2 hound skeletons
  2 worker ant zombies (D:8)
  3 gnolls
  A howler monkey skeleton (D:7)
  26 adders
  16 river rats
  A shadow imp (D:5)
  2 white imps (D:5)
  2 ufetubi
  3 oozes
  3 adder skeletons
  2 worms
  6 dart slugs
  2 leopard geckos (D:3)
  30 orcs
  12 bats
  5 giant cockroaches
  7 hobgoblins
  11 jackals
  4 quokkas
  19 ball pythons
  8 frilled lizards
  5 goblins
  2 jackal zombies
  17 kobolds
  A leopard gecko skeleton (D:6)
  A quokka skeleton (D:9)
  39 rats
546 creatures vanquished.

Vanquished Creatures (others)
  11 fungi
  26 plants
37 creatures vanquished.

Grand Total: 583 creatures vanquished

Notes
Turn   | Place    | Note
-------+----------+-------------------------------------------
     0 | D:1      | HoaS the Demigod Gladiator began the quest for the Orb.
     0 | D:1      | Reached XP level 1. HP: 17/17 MP: 3/3
    49 | D:1      | Reached skill level 3 in Unarmed Combat
   297 | D:1      | Reached XP level 2. HP: 17/24 MP: 4/4
  1020 | D:1      | Reached XP level 3. HP: 29/29 MP: 5/5
  1117 | D:1      | Reached skill level 4 in Unarmed Combat
  2266 | D:2      | Noticed Natasha
  2279 | D:2      | Killed Natasha
  2280 | D:2      | Reached XP level 4. HP: 23/36 MP: 6/6
  2310 | D:2      | Noticed Natasha
  2334 | D:2      | Killed Natasha
  2335 | D:2      | Reached skill level 5 in Unarmed Combat
  2932 | D:2      | Noticed Natasha
  2943 | D:2      | Killed Natasha
  2944 | D:2      | Reached XP level 5. HP: 28/41 MP: 7/7
  3411 | D:3      | Found a glowing drain.
  3415 | Sewer    | Entered a sewer
  3474 | Sewer    | Reached skill level 6 in Unarmed Combat
  3966 | Sewer    | Reached skill level 1 in Armour
  3976 | Sewer    | Reached XP level 6. HP: 46/48 MP: 8/8
  4423 | D:3      | Noticed Grinder
  4450 | D:3      | Killed Grinder
  4451 | D:3      | Reached XP level 7. HP: 55/57 MP: 9/9
  4968 | D:4      | Found a transporter.
  4968 | D:4      | Noticed Anon1729's ghost (amateur KoAE)
  5069 | D:4      | Noticed an air elemental
  5079 | D:4      | Noticed a fire elemental
  5106 | D:4      | Found a transporter.
  5276 | D:4      | Noticed a water elemental
  5422 | D:5      | Entered Level 5 of the Dungeon
  6025 | D:5      | Reached skill level 7 in Unarmed Combat
  6025 | D:5      | Reached XP level 8. HP: 40/66 MP: 10/10
  6960 | D:6      | Found a staircase to the Ecumenical Temple.
  7883 | D:6      | Reached skill level 8 in Unarmed Combat
  7986 | D:7      | Noticed Maggie
  8008 | D:7      | Killed Maggie
  8302 | D:7      | You fall into a shaft and drop 2 floors!
  8613 | D:7      | Reached skill level 5 in Fighting
  8613 | D:7      | Reached skill level 5 in Dodging
  8613 | D:7      | Reached XP level 9. HP: 69/74 MP: 11/11
  8846 | D:7      | Noticed Pikel
  8868 | D:7      | Killed Pikel
  8869 | D:7      | Reached skill level 5 in Armour
  8911 | D:7      | Found Zobot's Weapon Emporium.
  9305 | D:4      | Killed Anon1729's ghost
  9886 | D:8      | Found Ydoessap's Jewellery Boutique.
  9894 | D:8      | Bought an amulet of reflection for 300 gold pieces
  9947 | D:8      | Noticed Prince Ribbit
  9959 | D:8      | Killed Prince Ribbit
  9960 | D:8      | Reached skill level 9 in Unarmed Combat
  9969 | D:8      | Found Zanes's Magic Scroll Emporium.
  9985 | D:8      | Found Egiom's Antique Armour Shop.
 10199 | D:8      | Found Herurhip's Jewellery Shop.
 10535 | D:8      | Noticed Gastronok
 10566 | D:8      | Killed Gastronok
 10567 | D:8      | Reached skill level 10 in Unarmed Combat
 10567 | D:8      | Reached XP level 10. HP: 45/84 MP: 13/13
 10745 | D:8      | Found Pag Bats's Jewellery Emporium.
 11480 | D:9      | Found a runed translucent door.
 11613 | D:9      | Found a runed translucent door.
 11620 | D:9      | Found the +10 tower shield of Ignorance {rN+ Int-4}
 11647 | D:9      | Noticed an orange crystal statue
 11647 | D:9      | Noticed an orange crystal statue
 11647 | D:9      | Noticed an orange crystal statue
 11647 | D:9      | Noticed an orange crystal statue
 12088 | D:10     | Entered Level 10 of the Dungeon
 12231 | D:10     | Noticed Joseph
 12260 | D:10     | Killed Joseph
 12727 | D:10     | Identified the +4 chain mail "Oleicsuu" {Str+3 Stlth+}
 12728 | D:10     | Noticed Psyche
 12744 | D:10     | Killed Psyche
 12837 | D:10     | Noticed a two-headed ogre
 12859 | D:10     | Killed a two-headed ogre
 13578 | D:11     | Reached XP level 11. HP: 76/92 MP: 14/14
 13582 | D:11     | Reached skill level 11 in Unarmed Combat
 13781 | D:11     | HP: 1/92 [electric eel/bolt of electricity (9)]
 14520 | D:11     | Found a staircase to the Lair.
 15980 | D:11     | Found a staircase to the Orcish Mines.
 16487 | Orc:1    | Entered Level 1 of the Orcish Mines
 16498 | D:11     | Reached skill level 12 in Unarmed Combat
 16623 | Orc:1    | Noticed Sonja
 16623 | Orc:1    | Noticed an orc knight
 16735 | Lair:1   | Entered Level 1 of the Lair of Beasts
 17737 | Lair:1   | Reached XP level 12. HP: 55/103 MP: 15/15
 18047 | Lair:1   | Noticed a four-headed hydra
 18124 | D:11     | Killed a four-headed hydra
 18513 | Lair:2   | Noticed a four-headed hydra
 18526 | Lair:2   | Killed a four-headed hydra
 18662 | Lair:2   | Identified the +4 whip of Income {chaos, rC+ Str+6 Int-3}
 19413 | Lair:2   | Reached skill level 13 in Unarmed Combat
 19454 | Lair:2   | Found a staircase to the Swamp.
 19847 | Lair:2   | Identified the +4 pair of boots "Bugaqer" {Harm rF+ SInv}
 19963 | D:8      | Bought a scroll of acquirement for 780 gold pieces
 19963 | D:8      | Acquired 738 gold pieces
 20127 | Lair:3   | Noticed a six-headed hydra
 20137 | Lair:3   | Killed a six-headed hydra
 20220 | Lair:3   | Noticed a seven-headed hydra
 20254 | Lair:2   | Killed a seven-headed hydra
 20573 | Lair:3   | Noticed a six-headed hydra
 20614 | Lair:2   | Killed a six-headed hydra
 21021 | D:8      | Bought a +4 ring of slaying for 780 gold pieces
 21834 | Lair:3   | Found a hole to the Spider Nest.
 22217 | Lair:3   | Reached XP level 13. HP: 87/111 MP: 16/16
 22242 | Lair:4   | Found a gate leading to a gauntlet.
 22251 | Gauntlet | Entered a Gauntlet
 22251 | Gauntlet | Found a transporter.
 22251 | Gauntlet | Found a transporter.
 22251 | Gauntlet | Found a transporter.
 22251 | Gauntlet | Found the +2 Maxwell's thermic engine {flame, freeze}
 22252 | Gauntlet | Found a transporter.
 22253 | Gauntlet | Found a transporter.
 22256 | Gauntlet | Found a transporter.
 22262 | Gauntlet | Found a transporter.
 22265 | Gauntlet | Found a transporter.
 22267 | Gauntlet | Found a large runed translucent door.
 22267 | Gauntlet | Found a transporter.
 22268 | Gauntlet | Found a large runed translucent door.
 22269 | Gauntlet | Found a large runed translucent door.
 22269 | Gauntlet | Found a large runed translucent door.
 22269 | Gauntlet | Found a runed translucent door.
 22270 | Gauntlet | Found a large runed translucent door.
 22271 | Gauntlet | Found a large runed translucent door.
 22272 | Gauntlet | Found a large runed translucent door.
 22272 | Gauntlet | Found a large runed translucent door.
 22273 | Gauntlet | Found a runed translucent gate.
 22273 | Gauntlet | Found a runed translucent gate.
 22275 | Gauntlet | Found a transporter.
 22279 | Gauntlet | Found a transporter.
 22284 | Gauntlet | Found a runed translucent door.
 22298 | Gauntlet | Found a transporter.
 22368 | Gauntlet | Found a large runed translucent door.
 22369 | Gauntlet | Found a large runed translucent door.
 22370 | Gauntlet | Found a large runed translucent door.
 22370 | Gauntlet | Found a large runed translucent door.
 22370 | Gauntlet | Found a runed translucent door.
 22371 | Gauntlet | Found a large runed translucent door.
 22372 | Gauntlet | Found a large runed translucent door.
 22373 | Gauntlet | Found a large runed translucent door.
 22373 | Gauntlet | Found a large runed translucent door.
 22374 | Gauntlet | Found a runed translucent gate.
 23702 | Lair:5   | Noticed Kirke
 23760 | Lair:5   | Killed Kirke
 23761 | Lair:5   | Reached skill level 14 in Unarmed Combat
 24035 | Lair:5   | Found a runed translucent door.
 24036 | Lair:5   | Found a staircase to the Slime Pits.
 24275 | Lair:5   | Identified the +1 robe "Bailoemm" {Will+}
 24296 | Lair:6   | Entered Level 6 of the Lair of Beasts
 24354 | Lair:6   | Reached skill level 10 in Dodging
 24362 | Lair:6   | Reached skill level 10 in Fighting
 24418 | Lair:5   | Reached skill level 10 in Armour
 24809 | Lair:6   | Found a runed translucent door.
 26024 | Lair:6   | Noticed a dire elephant
 26045 | Lair:6   | Killed a dire elephant
 26262 | Lair:6   | Reached XP level 14. HP: 83/122 MP: 17/17
 26309 | Lair:6   | Slain by a black mamba

Illustrated notes

Levels and vault maps discovered:
D:1:      denvon_arrival_planthouse, layout_basic, minmay_crystal_water,
          minmay_lizard_pond
D:2:      layout_loops_ring, uniq_natasha
D:3:      layout_loops_ring, gup_sewer_entry_bowl,
          hangedman_abyss_or_decor_lesser_grid, chequers_serial_rivers_large_a,
          uniq_grinder
D:4:      layout_rooms, kennysheep_little_box, grunt_temple_overflow_open,
          nicolae_qazlal_style_of_elements, gammafunk_ghost_arena
D:5:      cheibrodos_two_vegetables, layout_cave_pods, serial_shops, shop
D:6:      layout_cave_pods, evilmike_ruin_ashenzari, lemuel_crystal_altar,
          minmay_temple_entry_proselytizer, minmay_misc_feat_rows,
          fedhas_bush_and_centaur_altar
D:7:      layout_basic, serial_shops, shop, minmay_hedge_maze, uniq_maggie,
          uniq_pikel
D:8:      layout_loops_corners, nemelex_xobeh_ov_fountains_minmay, serial_shops,
          shop, shop_coins, shop, nicolae_shop_temple_entry_statues_fountains,
          nicolae_shop_behind_doors, uniq_prince_ribbit1, uniq_gastronok
D:9:      layout_layer_cave, lemuel_round_altar,
          chequers_guarded_unrand_ignorance
D:10:     layout_irregular_city, basic_altar, uniq_psyche, uniq_joseph
D:11:     minmay_chambers_of_sixes, layout_loops_corners, erik_lair_island,
          minmay_orc_entry_temple_small, dk_noncrumbling_4,
          introduction_to_nature_2
Lair:1:   layout_regular_city, beast_lair_carwin_10, serial_bayou_shore_b
Lair:2:   layout_hall_layers, minmay_swamp_entry_swarm
Lair:3:   layout_loops_ring, spider_nest_entry_funnel_web, lemuel_fruit_fields
Lair:4:   layout_hall_layers, gauntlet_entry_generic
Lair:5:   layout_regular_city, slime_altar_2, chequers_serial_rivers_micro_a,
          kennysheep_abandoned_house, lemuel_fruit_tree, uniq_kirke
Lair:6:   wormcave, layout_hall_layers, hangedman_lair_in_review, serial_rivers,
          chequers_serial_rivers_room_a, chequers_serial_rivers_micro_e,
          chequers_serial_rivers_micro_c, chequers_serial_rivers_micro_a,
          chequers_serial_rivers_micro_c, chequers_serial_rivers_room_a
Orc:1:    layout_caves, basic_altar, uniq_sonja, uniq_maurice

Skill      XL: |  1  2  3  4  5  6  7  8  9 10 11 12 13 |
---------------+----------------------------------------+-----
Unarmed Combat | 3 4 5 6 7 8 10 12 13 14 | 14.8
Fighting       | 2 3 5 6 7 8 9 10 | 10.6
Armour         | 1 3 4 6 7 8 9 10 | 10.6
Dodging        | 3 5 6 7 8 9 10 | 10.6
Throwing       | |  1.7

Action                   |  1- 3 |  4- 6 |  7- 9 | 10-12 | 13-15 || total
-------------------------+-------+-------+-------+-------+-------++-------
Melee: Unarmed           |   214 |   310 |   457 |   956 |   454 ||  2391
       Punch             |     2 |     4 |    26 |    74 |    65 ||   171
Throw: Throwing net      |       |     7 |     1 |       |       ||     8
       Boomerang         |       |       |     4 |       |       ||     4
Evoke: Wand              |       |       |       |    11 |       ||    11
  Use: Scroll            |     2 |     6 |     6 |    14 |     2 ||    30
       Potion            |     1 |     1 |     4 |     5 |     1 ||    12
 Stab: Held in net/web   |       |     1 |       |       |       ||     1
       Distracted        |       |       |       |       |     3 ||     3
       Petrified         |       |       |       |       |     1 ||     1
Armor: Leather armour    |    24 |       |       |       |       ||    24
       Chain mail        |   105 |   328 |   113 |   260 |   116 ||   922
       Skin              |    46 |       |       |       |       ||    46
       Swamp dragon scal |       |       |    38 |    33 |       ||    71
Dodge: Dodged            |    99 |   209 |   181 |   491 |   290 ||  1270
Block: Other             |       |       |    15 |   209 |    83 ||   307
       Reflection        |       |       |       |     8 |     1 ||     9

Table legend: (Time is in decaauts)
 A = Elapsed time spent in this place.
 B = Non-inter-level travel time spent in this place.
 C = Inter-level travel time spent in this place.
 D = Time resting spent in this place.
 E = Time spent auto-exploring this place.
 F = Levels seen in this place.
 G = Mean time per level.
                   A        B        C        D        E       F      G
               +--------+--------+--------+--------+--------+-----+--------+
         Total |  25996 |  24520 |   1476 |   8860 |  11513 |  20 | 1299.8 |
       Dungeon |  16117 |  14976 |   1141 |   5340 |   7204 |  11 | 1465.2 |
          Lair |   8705 |   8371 |    334 |   3026 |   3992 |   6 | 1450.8 |
  Orcish Mines |     22 |     22 |      0 |      0 |      0 |   1 |   22.0 |
         Sewer |    964 |    964 |      0 |    494 |    179 |   1 |  964.0 |
      Gauntlet |    186 |    186 |      0 |      0 |    138 |   1 |  186.0 |
               +--------+--------+--------+--------+--------+-----+--------+

Top non-repeatable levels by time:
    D:11: 2754 daAuts
    D:10: 1951 daAuts
     D:8: 1902 daAuts
  Lair:2: 1837 daAuts
     D:5: 1800 daAuts
  Lair:6: 1756 daAuts
  Lair:1: 1752 daAuts
     D:2: 1550 daAuts
     D:1: 1509 daAuts
  Lair:3: 1321 daAuts
     D:7: 1174 daAuts
  Lair:5: 1086 daAuts
     D:6: 1067 daAuts
   Sewer: 964 daAuts
  Lair:4: 950 daAuts
